 Dungeon Crawl Stone Soup version 0.22.1-1-ga44c0e56f4 (webtiles) character file.

6171 Nixze the Thaumaturge (level 10, -12/54 (56) HPs)
             Began as a Deep Elf Ice Elementalist on Nov 3, 2018.
             Was a Follower of Sif Muna.
             Killed from afar by an ice statue (31 damage)
             ... with a bolt of cold
             ... in an ice cave.
             The game lasted 00:40:11 (16235 turns).

Nixze the Thaumaturge (Deep Elf Ice Elementalist)  Turns: 16235, Time: 00:40:11

HP:   -12/54 (56)   AC:  7    Str: 10    XL:     10   Next: 60%
MP:   18/26         EV: 16    Int: 24    God:    Sif Muna [*.....]
Gold: 536           SH:  0    Dex: 15    Spells: 3/29 levels left

rFire    . . .     SeeInvis +   b - staff of conjuration
rCold    . . .     Gourm    +   (no shield)
rNeg     . . .     Faith    .   A - +0 robe
rPois    .         Spirit   .   f - +0 helmet
rElec    .         Reflect  .   i - +2 cloak
rCorr    .         Harm     .   (no gloves)
MR       +....                  o - +0 pair of boots
Stlth    ++++......             s - amulet of the gourmand
HPRegen  0.18/turn              (no ring)
MPRegen  0.20/turn              q - ring of see invisible

@: mighty, hasted, divine energy, very quick
A: no striking features
a: Stop Divine Energy, Renounce Religion


You were in an ice cave.
You worshipped Sif Muna.
Sif Muna was aware of your devotion.
You were very full.

You visited 3 branches of the dungeon, and saw 12 of its levels.
You also visited: Sewer and Ice Cave.

You collected 536 gold pieces.

Inventory:

Hand Weapons
 a - the +7 long sword of the Endless March {venom, rC+}
   (You found it on level 7 of the Dungeon)

   It poisons the flesh of those it strikes.
   It protects you from cold.
 h - a +5 club
 j - a +3 dagger of venom
Armour
 f - a +0 helmet (worn)
 i - a +2 cloak (worn)
 o - a +0 pair of boots (worn)
 A - a +0 robe (worn)
 F - a cursed +0 shield
Magical Staves
 b - an uncursed staff of conjuration (weapon)
Jewellery
 q - a ring of see invisible (right hand)
 s - an amulet of the gourmand (around neck)
 x - an uncursed amulet of guardian spirit
 B - an uncursed amulet of harm {unknown}
Wands
 r - a wand of paralysis (13)
 t - a wand of enslavement (12)
 v - a wand of polymorph (31)
 y - a wand of acid (18)
 D - a wand of iceblast (9)
 E - a wand of flame (27)
 G - a wand of digging (8)
Scrolls
 d - 3 scrolls of identify
 m - 2 scrolls of teleportation
 u - a scroll of brand weapon {unknown}
 w - 2 scrolls of remove curse
Potions
 e - 2 potions of haste
 g - a potion of berserk rage
 k - a potion of ambrosia {unknown}
 l - a potion of lignification
 n - a potion of might
 p - a potion of brilliance {unknown}
 z - 4 potions of heal wounds {unknown}
 C - 2 potions of curing {unknown}
Comestibles
 c - 21 rations


   Skills:
 + Level 4.1 Fighting
 + Level 6.6 Dodging
 + Level 7.1 Stealth
 - Level 10.0 Spellcasting
 - Level 7.0 Conjurations
 - Level 4.0 Summonings
 - Level 7.0 Ice Magic
 * Level 6.2 Air Magic


You had 3 spell levels left.
You knew the following spells:

 Your Spells              Type           Power        Failure   Level  Hunger
a - Freeze                Ice            ####         1%          1    None
b - Throw Frost           Conj/Ice       ######       1%          2    None
c - Summon Ice Beast      Ice/Summ       #####...     5%          4    #......
d - Throw Icicle          Conj/Ice       ######..     3%          4    #......
e - Shock                 Conj/Air       ####         1%          1    None
f - Swiftness             Chrm/Air       ####....     2%          2    None
g - Lightning Bolt        Conj/Air       ######....   10%         5    ####...
h - Airstrike             Air            #####.....   4%          4    #......
i - Static Discharge      Conj/Air       ######..     1%          3    None

Your spell library contained the following spells:

 Spells                   Type           Power        Failure   Level  Hunger
 Magic Dart               Conj           ####         1%          1    None
 Call Imp                 Summ           ####....     1%          2    None
 Searing Ray              Conj           ######       1%          2    None
 Mephitic Cloud           Conj/Pois/Air  #####...     2%          3    None
 Conjure Flame            Conj/Fire      #####...     3%          3    None
 Dazzling Spray           Conj/Hex       #####.       3%          3    None
 Ozocubu's Armour         Chrm/Ice       ####....     3%          3    None
 Beastly Appendage        Tmut           ##....       5%          1    None
 Infusion                 Chrm           ##..         5%          1    None
 Blink                    Tloc           N/A          8%          2    None
 Shroud of Golubria       Chrm/Tloc      ##........   8%          2    None
 Slow                     Hex            ##......     8%          2    None
 Song of Slaying          Chrm           ##......     8%          2    None
 Sticks to Snakes         Tmut           ##......     8%          2    None
 Regeneration             Chrm/Necr      ##........   16%         3    None
 Spectral Weapon          Hex/Chrm       ##......     16%         3    None
 Spider Form              Tmut/Pois      ##........   16%         3    None
 Iskenderun's Mystic Bla  Conj           ######..     3%          4    #......
 Force Lance              Conj/Tloc      #####...     12%         4    #......
 Fulminant Prism          Conj/Hex       #####.....   12%         4    #......
 Ice Form                 Ice/Tmut       ####....     12%         4    #......
 Blade Hands              Tmut           ##........   82%         5    ####...


Dungeon Overview and Level Annotations

Branches:
Dungeon (10/15)            Temple (1/1) D:7            Lair (1/6) D:8
    Orc (0/2) D:9

Altars:
Ashenzari
Cheibriados
Elyvilon
Fedhas
Hepliaklqana
Kikubaaqudgha
Makhleb
Sif Muna
Trog
Uskayaw
Vehumet
Wu Jian
The Shining One

Shops:
D:8 (

Annotations:
IceCv 1 transporter, exclusion: 2 ice statues


Message History

Marking area around the ice statue as unsafe for travelling.
Marking area around the ice statue as unsafe for travelling.
Marking area around the ice statue as unsafe for travelling.
An ugly thing and 2 ice statues come into view.
The white ugly thing gurgles horribly!
The ice beast misses you.
Found 36 gold pieces, a thick glowing staff and 25 bolts.
Found an ice covered gate leading back out of this place.
You feel very mighty all of a sudden. The ice beast misses you.
The ice statue gestures. x2
The ice beast barely misses you.
Found 14 stones and a pair of gloves.
Found a transporter.
The ice statue gestures at you. The bolt of cold misses you.
The ice beast misses you. The ice statue gestures at you.
The bolt of cold hits you!
Ouch! That really hurt!
You die...

##........#
##..........#
##...........#
#.......8..8.#
#.........(.[#
#.∩.uY.Y.$.|©#
#.........$.(#
#......Y8..8.#
##.....@.....#
##.....Y....#
##........##
####...###
#####


You could see 2 ice statues, a white ugly thing and 4 ice beasts.

Vanquished Creatures
  Grum (D:10)
  2 water moccasins
  3 porcupines (Lair:1)
  A sky beast (D:7)
  An eye of draining (D:9)
  7 ice beasts
  A necrophage (D:5)
  4 ogres
  3 wolves (D:10)
  A centaur (D:7)
  6 bullfrogs
  A wyvern skeleton (D:9)
  2 scorpions
  A killer bee (D:7)
  A wight (D:7)
  A crimson imp (D:6)
  A quasit (D:6)
  2 hounds
  A jelly (D:8)
  5 orc priests
  4 orc wizards
  Jessica (D:2)
  Ijyb (D:3)
  2 worker ants
  A mummy (D:5)
  A worker ant zombie (D:5)
  6 gnolls
  A howler monkey skeleton (D:4)
  15 adders
  2 shadow imps (D:7)
  13 oozes
  2 adder zombies
  2 worms (D:4)
  2 dart slugs
  16 leopard geckos
  22 orcs
  15 bats
  22 giant cockroaches
  11 goblins
  9 hobgoblins
  12 jackals
  2 quokkas
  10 ball pythons
  13 frilled lizards
  6 kobolds
  A leopard gecko skeleton (D:3)
  2 quokka skeletons
  9 rats
248 creatures vanquished.

Vanquished Creatures (collateral kills)
  A hydra (Lair:1)
  Maurice (D:8)
  A troll (D:9)
  4 yaks (Lair:1)
  A basilisk (Lair:1)
  Eustachio (D:5)
  Menkaure (D:5)
  Edmund (D:5)
  2 porcupines
  2 water moccasins
  2 orc warriors
  3 ice beasts
  2 necrophages
  2 ogres
  A centaur (D:6)
  3 bullfrogs
  2 killer bees (D:7)
  3 wights (D:7)
  A bullfrog zombie (D:7)
  A bullfrog skeleton (D:5)
  2 orc priests
  4 orc wizards
  A gnoll shaman (D:7)
  A killer bee zombie (D:7)
  10 gnolls
  5 orcs
58 creatures vanquished.

Vanquished Creatures (others)
  A fungus (Lair:1)
1 creature vanquished.

Grand Total: 307 creatures vanquished

Notes
Turn   | Place    | Note
-------+----------+-------------------------------------------
     0 | D:1      | Nixze the Deep Elf Ice Elementalist began the quest for the
                  | Orb.
     0 | D:1      | Reached XP level 1. HP: 10/10 MP: 6/6
   295 | D:1      | Reached XP level 2. HP: 15/15 MP: 2/8
   301 | D:1      | Learned a level 2 spell: Throw Frost
   976 | D:1      | Reached skill level 4 in Spellcasting
  1015 | D:1      | Reached XP level 3. HP: 19/19 MP: 3/10
  2172 | D:2      | Reached XP level 4. HP: 24/24 MP: 9/12
  2181 | D:2      | Reached skill level 5 in Spellcasting
  2456 | D:2      | Noticed Jessica
  2458 | D:2      | Killed Jessica
  2486 | D:2      | Learned a level 4 spell: Summon Ice Beast
  2491 | D:2      | Learned a level 4 spell: Throw Icicle
  2668 | D:3      | Reached XP level 5. HP: 28/28 MP: 10/14
  2676 | D:3      | Reached skill level 5 in Ice Magic
  3198 | D:3      | Noticed Ijyb
  3220 | D:3      | Killed Ijyb
  3220 | D:3      | Reached skill level 1 in Summonings
  3590 | D:3      | Noticed a dagger
  3590 | D:3      | Noticed a hand axe
  3594 | D:3      | Found a hide-covered altar of Uskayaw.
  3915 | D:4      | Found a glowing drain.
  3935 | Sewer    | Entered a sewer
  4587 | Sewer    | Reached XP level 6. HP: 32/32 MP: 11/16
  4831 | Sewer    | Reached skill level 6 in Spellcasting
  5673 | D:4      | Noticed a water moccasin
  5689 | D:4      | Killed a water moccasin
  5689 | D:4      | Reached XP level 7. HP: 36/36 MP: 0/18
  6000 | D:4      | Found a burning altar of Makhleb.
  6001 | D:4      | Found a bloodstained altar of Trog.
  6805 | D:5      | Entered Level 5 of the Dungeon
  7238 | D:5      | Found a glowing golden altar of the Shining One.
  7357 | D:5      | Reached skill level 7 in Spellcasting
  7439 | D:5      | Found a shattered altar of Ashenzari.
  7442 | D:5      | Found a white marble altar of Elyvilon.
  7610 | D:5      | Noticed Edmund
  7635 | D:5      | Killed Edmund
  7862 | D:5      | Noticed Menkaure
  7873 | D:5      | Killed Menkaure
  7989 | D:5      | Reached XP level 8. HP: 29/39 MP: 2/21
  8364 | D:5      | Found a snail-covered altar of Cheibriados.
  8654 | D:5      | Noticed Eustachio
  8668 | D:5      | Killed Eustachio
  8984 | D:6      | Reached skill level 8 in Spellcasting
  8984 | D:6      | Reached skill level 5 in Conjurations
  9640 | D:6      | Reached skill level 1 in Fighting
 11120 | D:7      | Learned a level 1 spell: Shock
 11123 | D:7      | Learned a level 2 spell: Swiftness
 11129 | D:7      | Learned a level 5 spell: Lightning Bolt
 11134 | D:7      | Learned a level 4 spell: Airstrike
 11162 | D:7      | Reached XP level 9. HP: 46/46 MP: 15/23
 11271 | D:7      | Got a jewelled long sword
 11272 | D:7      | Identified the +7 long sword of the Endless March {venom,
                  | rC+} (You found it on level 7 of the Dungeon)
 11785 | D:7      | Reached skill level 1 in Air Magic
 12042 | D:7      | Reached skill level 9 in Spellcasting
 12096 | D:7      | Found a staircase to the Ecumenical Temple.
 12102 | Temple   | Entered the Ecumenical Temple
 12116 | Temple   | Became a worshipper of Sif Muna the Loreminder
 12655 | D:8      | Found Xeoqasuff's Weapon Shoppe.
 12851 | D:8      | Found a staircase to the Lair.
 12880 | D:8      | Reached skill level 5 in Stealth
 13026 | D:8      | Found a blossoming altar of Fedhas.
 13026 | D:8      | Found an ancient bone altar of Kikubaaqudgha.
 13107 | D:8      | Noticed Maurice
 13116 | D:8      | Killed Maurice
 13116 | D:8      | Reached skill level 5 in Dodging
 13201 | D:8      | Found an ornate altar of the Wu Jian Council.
 13233 | D:8      | Found a hazy altar of Hepliaklqana.
 13982 | D:9      | Learned a level 3 spell: Static Discharge
 14185 | D:9      | Found a staircase to the Orcish Mines.
 14405 | D:9      | Noticed a troll
 14410 | D:9      | Killed a troll
 15020 | D:9      | Reached XP level 10. HP: 54/54 MP: 21/25
 15221 | D:10     | Entered Level 10 of the Dungeon
 15231 | D:10     | Noticed Grum
 15234 | D:10     | Killed Grum
 15238 | D:10     | Reached * piety under Sif Muna
 15349 | D:10     | Noticed a centaur warrior
 15482 | Lair:1   | Entered Level 1 of the Lair of Beasts
 15513 | Lair:1   | Reached skill level 5 in Air Magic
 15555 | Lair:1   | Found a frozen archway.
 15623 | D:8      | Reached skill level 10 in Spellcasting
 15832 | Lair:1   | Noticed a six-headed hydra
 15840 | Lair:1   | Killed a six-headed hydra
 16204 | IceCv    | Entered an ice cave
 16204 | IceCv    | Noticed a white ugly thing
 16217 | IceCv    | Found a transporter.
 16230 | IceCv    | Noticed an ice statue
 16230 | IceCv    | Noticed a white ugly thing
 16230 | IceCv    | Noticed an ice statue
 16233 | IceCv    | Found a transporter.
 16235 | IceCv    | Killed from afar by an ice statue

Skill      XL: |  1  2  3  4  5  6  7  8  9 10 |
---------------+-------------------------------+-----
Spellcasting   | 4 5 6 7 8 9 10 | 10.0
Ice Magic      | 4 5 6 7 |  7.0
Summonings     | 1 2 4 |  4.0
Conjurations   | 2 3 4 5 6 7 |  7.0
Stealth        | 4 5 7 |  7.1
Fighting       | 1 3 4 |  4.1
Dodging        | 4 5 6 |  6.6
Air Magic      | 4 6 |  6.2

Action                   |  1- 3 |  4- 6 |  7- 9 | 10-12 || total
-------------------------+-------+-------+-------+-------++-------
Melee: Unarmed           |     8 |       |       |       ||     8
       Dagger            |     6 |     4 |    52 |       ||    62
       Long sword        |       |       |     4 |     4 ||     8
       Staff             |       |       |       |     1 ||     1
 Cast: Freeze            |    46 |    79 |   118 |     9 ||   252
       Throw Frost       |    32 |   113 |   137 |     9 ||   291
       Summon Ice Beast  |       |     3 |    44 |    27 ||    74
       Shock             |       |       |    51 |    25 ||    76
       Lightning Bolt    |       |       |     4 |     5 ||     9
Invok: Divine Energy     |       |       |       |     1 ||     1
  Use: Scroll            |       |     3 |    10 |     1 ||    14
       Potion            |       |       |       |     2 ||     2
 Stab: Distracted        |       |     1 |       |       ||     1
  Eat: Chunk             |     4 |    11 |    38 |     4 ||    57
       Ration            |       |       |     2 |       ||     2
Armor: Robe              |    10 |    17 |    46 |    20 ||    93
Dodge: Dodged            |    38 |    38 |   124 |    82 ||   282
       Rpst.: Long sword |       |       |    14 |       ||    14
